 Dungeon Crawl Stone Soup version 0.21.0-24-g2553a33 (webtiles) character file.

39 pstr the Digger (level 3, -1/28 HPs)
             Began as a Naga Earth Elementalist on Jan 21, 2018.
             Slain by an adder (3 damage)
             ... on level 2 of the Dungeon.
             The game lasted 00:02:52 (1295 turns).

pstr the Digger (Naga Earth Elementalist)           Turns: 1295, Time: 00:02:53

Health: -1/28      AC:  2    Str: 10    XL:     3   Next: 47%
Magic:  0/7        EV: 10    Int: 16    God:
Gold:   14         SH:  0    Dex: 11    Spells: 3/7 levels left

rFire    . . .     SeeInvis +   (no weapon)
rCold    . . .     Gourm    .   (no shield)
rNeg     . . .     Faith    .   c - +0 robe
rPois    +         Spirit   .   (no helmet)
rElec    .         Reflect  .   (no cloak)
rCorr    .         Harm     .   (no gloves)
MR       .....                  (no barding)
Stlth    ++........             (no amulet)
HPRegen  0.09/turn              (no ring)
MPRegen  0.10/turn              (no ring)

@: lethally poisoned (-1 -> -5), short of breath, very slow
A: large, see invisible, deformed body, poison resistance, slowness 2, slow
metabolism 1, spit poison 1, AC +1
a: Spit Poison


You were on level 2 of the Dungeon.
You were very hungry.

You visited 1 branch of the dungeon, and saw 2 of its levels.

You collected 14 gold pieces.

Inventory:

Missiles
 b - 8 stones (quivered)
Armour
 a - a cursed +0 scale mail
 c - a +0 robe (worn)
Scrolls
 f - a scroll of enchant weapon {unknown}
 g - a scroll of amnesia {unknown}
 h - a scroll of teleportation {unknown}
 i - a scroll of random uselessness {unknown}
Books
 e - a book of Geomancy

   Spells                             Type                      Level
   a - Sandblast                      Earth                        1
   b - Passwall                       Transmutation/Earth          2
   c - Stone Arrow                    Conjuration/Earth            3
   d - Petrify                        Transmutation/Earth          4
   e - Lee's Rapid Deconstruction     Earth                        5
Comestibles
 d - a ration


   Skills:
 + Level 1.7 Dodging
 + Level 3.0 Stealth
 + Level 2.8 Spellcasting
   Level 1.0 Transmutations
 + Level 3.6 Earth Magic


You had 3 spell levels left.
You knew the following spells:

 Your Spells              Type           Power        Failure   Level  Hunger
a - Sandblast             Erth           ##....       4%          1    #......
b - Stone Arrow           Conj/Erth      #.....       26%         3    ###....


Dungeon Overview and Level Annotations

Branches:
Dungeon (2/15)

Altars:


Innate Abilities, Weirdness & Mutations

You cannot wear boots.
Your serpentine skin is tough. (AC +1)
You have supernaturally acute eyesight. (SInv)
Armour fits poorly on your strangely shaped body.
Your system is resistant to poisons. (rPois)
You cover ground very slowly.
You have a slow metabolism.
You can spit poison.


Message History

The adder bites you.
You are poisoned.
The adder poisons you!
You feel sick.
You have got your breath back.
You feel sick. The adder barely misses you.
You feel sick. The adder bites you.
* * * LOW HITPOINT WARNING * * *
You aren't carrying any potions.
Casting: Sandblast
Confirm with . or Enter, or press ? or * to list all spells.
You don't have enough magic to cast that spell.
Press: ? - help, Shift-Dir - straight line, f/p - adder
Aim: an adder (moderately wounded, poisoned)
The splash of poison misses the adder.
You feel slightly more hungry. The adder closely misses you.
You barely miss the adder.
The adder is heavily wounded.
The adder bites you.
You die...

.#...##########
..............#
#............#
.#............#
..............+
#...........#
#...........+
#...........########
##+######..S@.......
#.##########
####'#.........
#...........[..
#.........####.
#.........#
#.........#
#......<###
#......##


You could see an adder.

Vanquished Creatures
  An adder (D:2)
  3 dart slugs (D:1)
  3 giant cockroaches
  A goblin (D:1)
  A hobgoblin (D:1)
  3 jackals (D:1)
  3 kobolds (D:1)
  5 bats (D:1)
  2 frilled lizards (D:1)
  2 rats (D:1)
24 creatures vanquished.

Notes
Turn   | Place    | Note
-------+----------+-------------------------------------------
     0 | D:1      | pstr the Naga Earth Elementalist began the quest for the Orb.
     0 | D:1      | Reached XP level 1. HP: 15/15 MP: 3/3
   338 | D:1      | Reached XP level 2. HP: 22/22 MP: 3/5
   881 | D:1      | Reached XP level 3. HP: 22/28 MP: 3/6
   886 | D:1      | Learned a level 3 spell: Stone Arrow
  1295 | D:2      | Slain by an adder

Action                   || total
-------------------------++-------
Melee: Unarmed           ||     1
 Cast: Sandblast         ||    25
       Stone Arrow       ||     7
 Abil: Spit Poison       ||    11
  Eat: Chunk             ||     1
Armor: Robe              ||     8
Dodge: Dodged            ||    23
